Map: Dusk Towers

Players

LindyHop - Winner!

  • Race: Zerg Zerg
  • League: Platinum

A.I. 1 (Hard)

  • Race: Zerg Zerg

VOD

Have the link to the VOD?

Description

Time

  • Played on: Dec. 11, 2015, 11:12 p.m.
  • Length: 10:24
Show
View Real Time Build Order
Export as new Build Order

LindyHop Zerg - Winner!

Build Orders: Hatch First 

Get SALT Encoding   

  12  0:01  Drone  
  13  0:12  Overlord  
  13  0:19  Drone  
  14  0:30  Drone x2  
  16  0:36  Drone  
  17  0:55  Hatchery  
  16  1:00  Drone x2  
  18  1:05  Extractor  
  18  1:06  Drone  
  18  1:20  Spawning Pool  
  18  1:23  Drone  
  18  1:31  Drone  
  19  1:38  Overlord  
  19  2:00  Drone  
  20  2:01  Drone  
  20  2:07  Metabolic Boost  
  21  2:08  Queen  
  21  2:09  Queen  
  21  2:11  Zergling x2  
  21  2:14  Zergling x2  
  27  2:25  Drone x2  
  29  2:30  Drone  
  29  2:34  Overlord  
  30  2:41  Drone  
  31  2:44  Overlord  
  31  2:53  Queen  
  31  2:55  Drone  
  31  2:57  Drone  
  35  3:02  Drone  
  37  3:05  Drone  
  37  3:12  Drone  
  38  3:19  Drone  
  39  3:20  Drone x3  
  39  3:21  Drone x3  
  44  3:29  Drone  
  44  3:32  Overlord  
  45  3:47  Roach Warren  
  44  3:48  Hatchery  
  44  3:53  Extractor  
  44  3:54  Extractor  
  41  3:56  Queen  
  41  3:59  Zergling x2  
  41  4:00  Zergling x6  
  41  4:01  Drone x2  
  49  4:04  Overlord  
  49  4:21  Drone x2, Overlord x2  
  51  4:31  Drone  
  51  4:32  Lair, Drone  
  51  4:35  Drone x3  
  51  4:36  Evolution Chamber  
  55  4:39  Evolution Chamber  
  55  4:43  Drone x3  
  57  4:53  Drone x2  
  57  4:56  Drone x3, Extractor  
  61  5:03  Roach x4  
  68  5:14  Spine Crawler  
  67  5:18  Roach x4  
  75  5:21  Roach  
  75  5:25  Roach x3  
  83  5:31  Roach x2  
  87  5:39  Roach  
  87  5:40  Overlord, Roach  
  85  5:47  Overlord x3  
  85  5:48  Zerg Missile Weapons Level 1  
  85  5:50  Glial Reconstitution  
  85  5:56  Zerg Ground Armor Level 1  
  85  6:02  Overlord  
  89  6:04  Drone x4  
  89  6:05  Drone  
  89  6:07  Drone  
  89  6:08  Drone  
  89  6:10  Drone  
  89  6:11  Drone  
  94  6:24  Drone x6  
  100  6:29  Drone x3  
  100  6:30  Overlord x2  
  103  6:34  Roach x2  
  103  6:35  Extractor x2  
  103  6:37  Roach x2  
  109  6:40  Roach  
  109  6:41  Roach  
  109  6:44  Burrow  
  113  6:59  Roach x4  
  113  7:01  Overlord x4  
  121  7:05  Roach  
  121  7:06  Roach x2  
  127  7:13  Spire  
  126  7:38  Hatchery  
  126  7:44  Zergling x4  
  127  7:46  Overlord x2  
  125  7:52  Infestation Pit  
  118  8:00  Zerg Ground Armor Level 2, Zerg Missile Weapons Level 2  
  118  8:25  Zergling x14  
  118  8:26  Zergling x2  
  126  8:33  Mutalisk  
  124  8:34  Mutalisk x11  
  124  8:36  Zergling x10  
  153  8:49  Hatchery  
  153  8:53  Mutalisk x3  
  153  8:55  Zergling x8  
  159  9:01  Hive  
  162  9:07  Mutalisk  
  163  9:21  Mutalisk  
  163  9:22  Mutalisk  
  163  9:23  Zergling x2  
  163  9:24  Zergling x22  
  167  9:38  Mutalisk x2, Hydralisk Den  
  160  9:39  Zergling x2  
  160  9:40  Zergling x4  
  160  9:42  Zergling x4  
  160  9:43  Mutalisk  
  160  9:44  Zergling x2  
  160  9:45  Zergling x4  
  173  9:48  Zergling x4  
  173  9:49  Zergling x2  
  173  9:50  Zergling x2  
  177  9:56  Zergling x6  
  180  10:04  Hatchery  
Show
View Real Time Build Order
Export as new Build Order

A.I. 1 (Hard) Zerg 

Build Orders: Pool First 

Get SALT Encoding   

  12  0:00  Drone  
  13  0:12  Overlord  
  13  0:17  Drone  
  14  0:30  Drone  
  14  0:32  Drone  
  16  0:43  Spawning Pool  
  16  0:44  Drone  
  16  0:48  Drone  
  17  0:52  Extractor  
  17  0:55  Drone  
  17  1:06  Overlord  
  17  1:31  Zergling x2  
  18  1:32  Queen  
  18  1:34  Roach Warren  
  18  1:37  Zergling x2  
  18  1:38  Drone  
  21  1:40  Extractor  
  20  1:49  Drone  
  21  1:59  Drone  
  22  2:17  Roach  
  22  2:21  Overlord  
  24  2:32  Roach  
  26  2:39  Drone, Roach  
  26  2:42  Overlord  
  29  2:45  Roach  
  31  2:54  Drone  
  32  3:05  Roach  
  34  3:11  Overlord, Roach, Drone  
  37  3:16  Drone  
  39  3:27  Drone  
  39  3:31  Baneling Nest  
  38  3:37  Evolution Chamber  
  38  3:38  Roach  
  39  3:43  Drone, Roach  
  39  3:44  Drone  
  43  3:49  Drone  
  44  4:00  Drone  
  45  4:11  Drone  
  46  4:51  Lair, Zerg Melee Weapons Level 1  
  46  4:53  Evolution Chamber  
  46  4:56  Overlord  
  46  4:59  Drone  
  46  5:10  Hatchery  
  45  5:18  Zerg Ground Armor Level 1  
  45  5:25  Drone  
  45  5:36  Zergling x2  
  43  5:45  Roach  
  43  5:49  Burrow  
  43  5:50  Overseer  
  43  5:51  Overseer  
  43  5:53  Hydralisk Den  
  43  5:54  Roach  
  43  5:55  Spore Crawler, Drone  
  44  6:01  Spore Crawler  
  44  6:02  Drone  
  44  6:20  Infestation Pit  
  44  6:21  Drone  
  44  6:22  Queen  
  44  6:23  Hydralisk  
  44  6:24  Drone  
  49  6:29  Drone  
  49  6:32  Hydralisk  
  52  6:34  Drone  
  52  6:37  Drone  
  52  6:39  Drone  
  55  6:40  Hydralisk  
  55  6:42  Drone  
  55  6:45  Zerg Missile Weapons Level 1, Drone  
  59  6:50  Overlord  
  59  6:53  Hydralisk  
  60  6:54  Drone  
  60  6:55  Drone  
  60  6:57  Drone  
  64  7:02  Drone  
  64  7:04  Drone  
  66  7:09  Muscular Augments  
  66  7:13  Drone  
  66  7:15  Drone, Spine Crawler  
  67  7:23  Spine Crawler  
  67  7:25  Drone  
  67  7:26  Overlord, Drone  
  67  7:28  Drone  
  70  7:30  Drone  
  70  7:31  Drone  
  70  7:33  Drone  
  72  7:37  Spore Crawler  
  72  7:38  Drone  
  72  7:41  Roach  
  72  7:43  Spore Crawler  
  71  7:46  Queen  
  71  7:49  Hydralisk, Zergling x2  
  71  7:57  Roach  
  55  8:01  Hydralisk  
  53  8:06  Roach  
  54  8:15  Roach  
  54  8:22  Hydralisk, Extractor  
  54  8:24  Extractor  
  54  8:26  Drone  
  53  8:32  Spine Crawler, Roach  
  54  8:34  Spine Crawler  
  54  8:38  Queen  
  54  8:40  Roach  
  57  8:45  Drone  
  57  8:46  Drone  
  53  8:48  Drone  
  53  8:49  Roach  
  54  8:58  Roach  
  54  9:07  Zergling x2  
  54  9:10  Drone  
  54  9:11  Zergling x2  
  54  9:15  Zergling x2  
  48  9:18  Zergling x2  
  48  9:22  Drone, Zergling x2  
  46  9:26  Zergling x2  
  46  9:27  Queen  
  46  9:29  Zergling x2  
  44  9:33  Zergling x2  
  44  9:37  Zergling x2  
  36  9:40  Drone  
  31  9:47  Drone  
  30  9:57  Hatchery  
Tags
 
Add a new tag
Caveats
  • Supply blocks, unpowered buildings, or Contaminate may cause inaccurate times.
  • Supply counts are checked every 10 seconds.